 Dungeon Crawl Stone Soup version 0.25.0-46-gbd7b0854d2 (webtiles) character file.

Game seed: 14516199810305050588

6529 DerDa the Protected (level 11, -1/82 HPs)
             Began as a Gnoll Wanderer on July 16, 2020.
             Was a High Priest of Okawaru.
             Slain by a killer bee (6 damage)
             ... on level 9 of the Dungeon.
             The game lasted 00:25:58 (9701 turns).

DerDa the Protected (Gnoll Wanderer)                Turns: 9701, Time: 00:26:01

Health: -1/82      AC: 11    Str: 15    XL:     11   Next: 1%
Magic:  19/19      EV: 14    Int: 17    God:    Okawaru [*****.]
Gold:   236        SH:  0    Dex: 15    Spells: 21/21 levels left

rFire    + . .     SeeInvis .   a - +7 mace "Orb Guardian's Peril" {freeze, +Inv rPois rF+}
rCold    + . .     Gourm    .   (no shield)
rNeg     . . .     Faith    .   c - +0 ring mail
rPois    +         Spirit   .   (no helmet)
rElec    .         Reflect  .   u - +2 cloak
rCorr    .         Harm     .   (no gloves)
MR       .....                  (no boots)
Stlth    ++........             x - amulet of the acrobat
HPRegen  0.23/turn              (no ring)
MPRegen  0.16/turn              E - ring of protection from cold

@: lethally poisoned (-1 -> -4), about to teleport
A: distributed training, fangs 1, strong nose
a: Heroism, Finesse, Renounce Religion, Evoke Invisibility


You were on level 9 of the Dungeon.
You worshipped Okawaru.
Okawaru was extremely pleased with you.
You were not hungry.

You visited 2 branches of the dungeon, and saw 10 of its levels.

You collected 353 gold pieces.
You spent 117 gold pieces at shops.

Inventory:

Hand Weapons
 a - the +7 mace "Orb Guardian's Peril" (weapon) {freeze, +Inv rPois rF+}
   (You found it on level 5 of the Dungeon)

   It has been specially enchanted to freeze those struck by it, causing extra
   injury to most foes and up to half again as much damage against particularly
   susceptible opponents.
   It can also slow down cold-blooded creatures.
   It protects you from fire.
   It protects you from poison.
   It lets you turn invisible.
 b - a +2 hunting sling of freezing
 I - a +2 short sword of venom
Missiles
 m - 73 sling bullets
 s - 46 poisoned darts (quivered)
 G - 27 bolts
Armour
 c - a +0 ring mail (worn)
 p - a +2 leather armour of magic resistance
 u - a +2 cloak (worn)
 D - a +0 cloak of magic resistance
 N - a +2 robe of cold resistance
Jewellery
 o - an uncursed ring of protection from fire
 x - an amulet of the acrobat (around neck)
 E - a ring of protection from cold (right hand)
Wands
 f - a wand of paralysis (7)
 H - a wand of flame (22)
 O - a wand of acid (7)
Scrolls
 e - 3 scrolls of magic mapping
 g - 2 scrolls of enchant weapon
 h - 4 scrolls of remove curse
 q - 4 scrolls of immolation
 r - 2 scrolls of teleportation
 t - a scroll of amnesia
 v - 3 scrolls of fog
 y - a scroll of enchant armour {unknown}
 K - a scroll of random uselessness {unknown}
 M - 4 scrolls of fear {unknown}
 P - a scroll of blinking {unknown}
Potions
 j - a potion of ambrosia {unknown}
 k - a potion of flight
 n - 3 potions of curing
 z - a potion of brilliance {unknown}
 A - 2 potions of lignification {unknown}
 B - 2 potions of heal wounds {unknown}
 J - 3 potions of haste {unknown}
 L - a potion of invisibility
 R - a potion of stabbing {unknown}
Comestibles
 d - 27 rations
 i - 20 chunks of flesh


   Skills:
 + Level 6.3 Fighting
 + Level 5.7 Short Blades
 + Level 5.7 Long Blades
 + Level 6.3 Axes
 + Level 5.7 Maces & Flails
 + Level 5.7 Polearms
 + Level 5.7 Staves
 + Level 5.7 Slings
 + Level 5.7 Bows
 + Level 5.7 Crossbows
 + Level 5.7 Throwing
 + Level 13.1 Armour
 + Level 5.7 Dodging
 + Level 5.7 Stealth
 + Level 6.3 Shields
 + Level 5.7 Unarmed Combat
 + Level 5.7 Spellcasting
 + Level 4.7 Conjurations
 + Level 4.7 Hexes
 + Level 4.7 Charms
 + Level 4.7 Summonings
 + Level 4.7 Necromancy
 + Level 4.7 Translocations
 + Level 4.7 Transmutations
 + Level 4.7 Fire Magic
 + Level 4.7 Ice Magic
 + Level 4.7 Air Magic
 + Level 4.7 Earth Magic
 + Level 4.7 Poison Magic
 + Level 6.2 Invocations
 + Level 6.3 Evocations


You had 21 spell levels left.
You didn't know any spells.
Your spell library was empty.

Dungeon Overview and Level Annotations

Branches:
Dungeon (9/15)             Temple (1/1) D:5            Lair (0/6) D:9
    Orc: D:9-12

Altars:
Ashenzari
Cheibriados
Dithmenos
Elyvilon
Fedhas
Gozag
Hepliaklqana
Kikubaaqudgha
Makhleb
Nemelex Xobeh
Okawaru
Qazlal
Ru
Sif Muna
Trog
Uskayaw
Vehumet
Wu Jian
Xom
Yredelemnul
Zin
The Shining One

Shops:
D:4 *

Annotations:
D:7 2 transporters, Elvor's ghost, novice MiHu


Innate Abilities, Weirdness & Mutations

Your experience applies equally to all skills.
You have very sharp teeth.
Your uncanny sense of smell can sniff out nearby items.


Message History

You hear a howl!
You see here 18 stones.
As you read the scroll of teleportation, it crumbles to dust.
You feel strangely unstable. The killer bee barely misses you.
The killer bee stings you!
* * * LOW HITPOINT WARNING * * *
Unknown command.
As you read the scroll of remove curse, it crumbles to dust.
You feel as if something is helping you.
The killer bee closely misses you. The killer bee stings you.
* * * LOW HITPOINT WARNING * * *
Unknown command.
Drop what? 40/52 slots (_ for help) (? for menu, Esc to quit)
You remove your ring of teleportation.
The killer bee stings you.
* * * LOW HITPOINT WARNING * * *
You are poisoned.
The killer bee poisons you!
The phantom blinks!
You drop an uncursed ring of teleportation.
You feel sick. The killer bee misses you. The killer bee stings you.
You die...

.. #..##### #.#
#.#.#.#.....#. .
#.. .#.#..#.......
.##.#
W...#.#.##...#
....#...#....#..#..
∆ #.#.....#
#...##.. #.5#.#.#
#...###H
#.#.#.#.#.#..## #
∆#@yo......#..#
#####O#####..#####
..P #.<....#
.P♣..#.#....# .♣.
.#.#....# P..♣
#.#....# ∆ ⌠♣ P
..#....# ..
..#.#....# #.#....#


You could see a phantom, an orc warrior, an ogre, a killer bee and a shadow imp.

Vanquished Creatures
  A hydra (D:8)
  Joseph (D:7)
  2 dream sheep (D:8)
  A hippogriff (D:5)
  Sigmund (D:4)
  6 yaks
  A hungry ghost (D:7)
  Duvessa (D:4)
  2 orc warriors
  3 porcupines (D:9)
  A sky beast (D:8)
  2 ogres
  5 crocodiles
  4 big kobolds
  7 bullfrogs
  5 scorpions
  Dowan (D:4)
  A water moccasin skeleton (D:5)
  7 wights (D:8)
  8 killer bees (D:8)
  A howler monkey (D:2)
  4 crimson imps
  A bullfrog zombie (D:6)
  A hound (D:5)
  An orc priest (D:6)
  A jelly (D:8)
  Crazy Yiuf (D:2)
  A centaur skeleton (D:7)
  4 orc wizards
  4 worker ants
  Robin (D:2)
  9 adders
  9 gnolls
  2 shadow imps
  An ooze (D:2)
  An adder skeleton (D:7)
  An adder zombie (D:5)
  5 worms
  3 dart slugs
  5 leopard geckos
  16 orcs
  2 ball pythons
  6 bats
  5 giant cockroaches
  16 hobgoblins
  11 jackals
  15 kobolds
  10 quokkas
  3 frilled lizards
  11 goblins
  2 leopard gecko skeletons (D:5)
  A quokka skeleton (D:4)
  8 rats
222 creatures vanquished.

Vanquished Creatures (others)
  A fungus (D:9)
1 creature vanquished.

Grand Total: 223 creatures vanquished

Notes
Turn   | Place    | Note
-------+----------+-------------------------------------------
     0 | D:1      | Reached skill level 12 in Armour
     0 | D:1      | DerDa the Gnoll Wanderer began the quest for the Orb.
     0 | D:1      | DerDa set off with the following items: a +2 hand axe, a
                  | potion of curing, a +0 ring mail, a ration
     0 | D:1      | Reached XP level 1. HP: 17/17 MP: 2/2
   250 | D:1      | Reached XP level 2. HP: 23/23 MP: 3/3
   531 | D:2      | Noticed Robin
   664 | D:1      | Reached XP level 3. HP: 24/28 MP: 4/4
   908 | D:2      | Reached skill level 1 in Invocations
   924 | D:2      | Killed Robin
   924 | D:2      | Reached skill level 1 in Short Blades
   924 | D:2      | Reached skill level 1 in Long Blades
   924 | D:2      | Reached skill level 1 in Maces & Flails
   924 | D:2      | Reached skill level 1 in Polearms
   924 | D:2      | Reached skill level 1 in Staves
   924 | D:2      | Reached skill level 1 in Slings
   924 | D:2      | Reached skill level 1 in Bows
   924 | D:2      | Reached skill level 1 in Crossbows
   924 | D:2      | Reached skill level 1 in Throwing
   924 | D:2      | Reached skill level 1 in Dodging
   924 | D:2      | Reached skill level 1 in Stealth
   924 | D:2      | Reached skill level 1 in Unarmed Combat
   924 | D:2      | Reached skill level 1 in Spellcasting
   924 | D:2      | Reached XP level 4. HP: 32/34 MP: 4/6
  1206 | D:2      | Found a runed translucent door.
  1207 | D:2      | Noticed Crazy Yiuf
  1238 | D:2      | Reached skill level 1 in Conjurations
  1238 | D:2      | Reached skill level 1 in Hexes
  1238 | D:2      | Reached skill level 1 in Charms
  1238 | D:2      | Reached skill level 1 in Summonings
  1238 | D:2      | Reached skill level 1 in Necromancy
  1238 | D:2      | Reached skill level 1 in Translocations
  1238 | D:2      | Reached skill level 1 in Transmutations
  1238 | D:2      | Reached skill level 1 in Fire Magic
  1238 | D:2      | Reached skill level 1 in Ice Magic
  1238 | D:2      | Reached skill level 1 in Air Magic
  1238 | D:2      | Reached skill level 1 in Earth Magic
  1238 | D:2      | Reached skill level 1 in Poison Magic
  1258 | D:2      | Found a blossoming altar of Fedhas.
  1322 | D:2      | Found a faded altar of an unknown god.
  1618 | D:2      | Reached XP level 5. HP: 13/40 MP: 7/7
  2361 | D:3      | Reached XP level 6. HP: 35/47 MP: 8/8
  2444 | D:3      | You fall into a shaft and drop 3 floors!
  2472 | D:6      | Found a sacrificial altar of Ru.
  2528 | D:5      | Entered Level 5 of the Dungeon
  2614 | D:4      | Found a hazy altar of Hepliaklqana.
  2620 | D:4      | Found a bloodstained altar of Trog.
  2633 | D:4      | Found a basalt altar of Yredelemnul.
  3338 | D:4      | Noticed Dowan
  3338 | D:4      | Noticed Duvessa
  3339 | D:4      | Noticed Sigmund
  3407 | D:2      | Killed Crazy Yiuf
  3596 | D:4      | Killed Sigmund
  3596 | D:4      | Reached XP level 7. HP: 46/52 MP: 10/10
  3669 | D:4      | Killed Dowan
  3697 | D:4      | Killed Duvessa
  3923 | D:4      | Found Kahos's Assorted Antiques.
  3929 | D:4      | Bought a scroll labeled IMPEKALYNIL for 30 gold pieces
  3929 | D:4      | Bought a red potion for 27 gold pieces
  3929 | D:4      | Bought a scroll labeled URHURR POGA for 30 gold pieces
  3929 | D:4      | Bought a scroll labeled URHURR POGA for 30 gold pieces
  4299 | D:5      | Reached XP level 8. HP: 60/60 MP: 12/12
  4371 | D:5      | Got a steaming mace
  4372 | D:5      | Identified the +7 mace "Orb Guardian's Peril" {freeze, +Inv
                  | rPois rF+} (You found it on level 5 of the Dungeon)
  4561 | D:5      | Found a staircase to the Ecumenical Temple.
  4570 | Temple   | Entered the Ecumenical Temple
  4712 | Temple   | Became a worshipper of Warmaster Okawaru
  4776 | D:5      | Found a shimmering blue altar of Sif Muna.
  5881 | D:6      | Noticed a hippogriff
  5932 | D:5      | Killed a hippogriff
  5932 | D:5      | Reached * piety under Okawaru
  6343 | D:6      | Reached XP level 9. HP: 39/66 MP: 14/14
  6586 | D:7      | Noticed Joseph
  6600 | D:7      | Killed Joseph
  6857 | D:7      | Found a stormy altar of Qazlal.
  6865 | D:7      | Reached skill level 5 in Fighting
  6865 | D:7      | Reached skill level 5 in Axes
  6865 | D:7      | Reached skill level 5 in Shields
  6865 | D:7      | Reached skill level 5 in Evocations
  6924 | D:7      | Reached ** piety under Okawaru
  7208 | D:7      | Found a transporter.
  7212 | D:7      | Found a transporter.
  7214 | D:7      | Noticed Elvor's ghost (novice MiHu)
  7215 | D:7      | Noticed a hornet
  7335 | D:7      | Found a radiant altar of Vehumet.
  7475 | D:8      | Reached skill level 5 in Invocations
  7545 | D:8      | Found a hide-covered altar of Uskayaw.
  7622 | D:8      | Found a shimmering altar of Xom.
  7996 | D:8      | Reached XP level 10. HP: 60/74 MP: 15/17
  8591 | D:8      | Found a hide-covered altar of Uskayaw.
  8824 | D:8      | Reached *** piety under Okawaru
  8824 | D:8      | Reached skill level 5 in Short Blades
  8824 | D:8      | Reached skill level 5 in Long Blades
  8824 | D:8      | Reached skill level 5 in Maces & Flails
  8824 | D:8      | Reached skill level 5 in Polearms
  8824 | D:8      | Reached skill level 5 in Staves
  8824 | D:8      | Reached skill level 5 in Slings
  8824 | D:8      | Reached skill level 5 in Bows
  8824 | D:8      | Reached skill level 5 in Crossbows
  8824 | D:8      | Reached skill level 5 in Throwing
  8824 | D:8      | Reached skill level 5 in Dodging
  8824 | D:8      | Reached skill level 5 in Stealth
  8824 | D:8      | Reached skill level 5 in Unarmed Combat
  8824 | D:8      | Reached skill level 5 in Spellcasting
  9326 | D:8      | Noticed a three-headed hydra
  9335 | D:8      | Killed a three-headed hydra
  9335 | D:8      | Reached **** piety under Okawaru
  9335 | D:8      | Reached skill level 13 in Armour
  9606 | D:9      | Found a staircase to the Lair.
  9675 | D:9      | Reached ***** piety under Okawaru
  9675 | D:9      | Reached XP level 11. HP: 12/82 MP: 19/19
  9701 | D:9      | Slain by a killer bee

Illustrated notes

Levels and vault maps discovered:
D:1:      dpeg_arrival_simpleton_c, layout_basic, kennysheep_decorative_pillar,
          amethyst_killhole
D:2:      layout_rooms, chequers_ecumenical_altar_simple,
          minmay_strange_pillars, fedhas_altar_fruit_tree, uniq_robin,
          uniq_crazy_yiuf_cottage
D:3:      layout_loops_cross, st_stairs_11
D:4:      layout_cave_pools, grunt_temple_overflow_open, serial_shops, shop,
          minmay_pentomino_pile, uniq_duvessa, uniq_sigmund
D:5:      layout_basic, lemuel_doored_altar, minmay_temple_entry_waves,
          first_ration
D:6:      minmay_clustersquares, layout_cave_pools,
          nicolae_ru_great_annihilating_truth
D:7:      layout_gridville, kennysheep_little_box,
          nicolae_qazlal_general_emergency, gammafunk_ghost_hive, uniq_joseph
D:8:      layout_cave_pods, overflow_temple_1_default, basic_altar,
          hangedman_ranch [blue_anna_fruit_fields], lemuel_statue_altar
D:9:      layout_rooms, minmay_lair_entry_grove, minmay_the_grid_2x2
          [minmay_the_grid_gridbox, minmay_the_grid_garden,
          minmay_the_grid_odd_star,
          minmay_the_grid_prize_four_corners_diamond_b]
Temple:   regret_index_temple_waves

Skill      XL: |  1  2  3  4  5  6  7  8  9 10 |
---------------+-------------------------------+-----
Armour         | 13 | 13.1
Invocations    | 1 2 3 4 5 6 |  6.2
Short Blades   | 1 2 3 4 5 |  5.7
Long Blades    | 1 2 3 4 5 |  5.7
Maces & Flails | 1 2 3 4 5 |  5.7
Polearms       | 1 2 3 4 5 |  5.7
Staves         | 1 2 3 4 5 |  5.7
Slings         | 1 2 3 4 5 |  5.7
Bows           | 1 2 3 4 5 |  5.7
Crossbows      | 1 2 3 4 5 |  5.7
Throwing       | 1 2 3 4 5 |  5.7
Dodging        | 1 2 3 4 5 |  5.7
Stealth        | 1 2 3 4 5 |  5.7
Unarmed Combat | 1 2 3 4 5 |  5.7
Spellcasting   | 1 2 3 4 5 |  5.7
Conjurations   | 1 2 3 4 |  4.7
Hexes          | 1 2 3 4 |  4.7
Charms         | 1 2 3 4 |  4.7
Summonings     | 1 2 3 4 |  4.7
Necromancy     | 1 2 3 4 |  4.7
Translocations | 1 2 3 4 |  4.7
Transmutations | 1 2 3 4 |  4.7
Fire Magic     | 1 2 3 4 |  4.7
Ice Magic      | 1 2 3 4 |  4.7
Air Magic      | 1 2 3 4 |  4.7
Earth Magic    | 1 2 3 4 |  4.7
Poison Magic   | 1 2 3 4 |  4.7
Fighting       | 3 4 5 6 |  6.3
Axes           | 3 4 5 6 |  6.3
Shields        | 3 4 5 6 |  6.3
Evocations     | 3 4 5 6 |  6.3

Action                   |  1- 3 |  4- 6 |  7- 9 | 10-12 || total
-------------------------+-------+-------+-------+-------++-------
Melee: Hand axe          |    49 |    82 |       |       ||   131
       Bite              |     5 |    21 |    23 |    15 ||    64
       Short sword       |       |    75 |    31 |       ||   106
       Mace              |       |       |   258 |   158 ||   416
       Punch             |       |       |     5 |     4 ||     9
 Fire: Hunting sling     |    22 |    66 |       |       ||    88
Throw: Dart              |       |    19 |    27 |     5 ||    51
       Stone             |       |       |     1 |       ||     1
Evoke: Wand              |       |       |       |     1 ||     1
  Use: Potion            |       |     4 |       |     1 ||     5
       Scroll            |       |       |    10 |     2 ||    12
 Stab: Sleeping          |       |       |     7 |       ||     7
  Eat: Chunk             |       |     9 |    15 |     4 ||    28
       Ration            |       |       |       |     1 ||     1
Armor: Ring mail         |    36 |    76 |   111 |    42 ||   265
Dodge: Dodged            |    47 |   110 |   228 |    89 ||   474
